 Dungeon Crawl Stone Soup version 0.30.1-4-g462c640d31 (webtiles) character file.

Game seed: 7395376190737491318

112 Cheops the Conjurer (level 4, -1/24 HPs)
             Began as a Deep Elf Conjurer on Aug 23, 2023.
             Slain by a river rat (4 damage)
             ... on level 3 of the Dungeon.
             The game lasted 00:07:24 (2048 turns).

Cheops the Conjurer (Deep Elf Conjurer)             Turns: 2048, Time: 00:07:24

Health: -1/24      AC:  3    Str:  4    XL:     4   Next: 63%
Magic:  0/13       EV: 13    Int: 25    God:
Gold:   110        SH:  0    Dex: 19    Spells: 10/13 levels left

rFire   . . .        r - +3 hammer (holy)
rCold   . . .        (no shield)
rNeg    . . .        a - +0 robe
rPois   .            (no helmet)
rElec   .            p - +0 cloak {Will+}
rCorr   .            (no gloves)
SInv    .            (no boots)
Will    +....        (no amulet)
Stlth   +            l - +6 ring of dexterity
HPRegen 0.24/turn    (no ring)
MPRegen 0.13/turn

%: no passive effects
@: very slow
A: no striking features
a: no special abilities


You were on level 3 of the Dungeon.
You visited 1 branch of the dungeon, and saw 3 of its levels.

You collected 110 gold pieces.

Inventory:

Hand Weapons
 o - a +2 quarterstaff of chaos
 r - a +3 hammer of holy wrath (weapon)
Armour
 a - a +0 robe (worn)
 p - a +0 cloak of willpower (worn)
Jewellery
 l - a +6 ring of dexterity (left hand)
Scrolls
 c - 2 scrolls of magic mapping
 e - 3 scrolls of fear {unknown}
 g - a scroll of enchant armour
 h - 2 scrolls of teleportation {unknown}
 j - a scroll of immolation
 m - a scroll of acquirement
 n - a scroll of butterflies
 q - a scroll of enchant weapon
Potions
 b - a potion of magic
 d - a potion of might {unknown}
 f - a potion of flight {unknown}
 i - a potion of curing {unknown}
 k - a potion of degeneration {unknown}


   Skills:
 - Level 2.4 Dodging
 - Level 2.4 Stealth
 - Level 5.0 Spellcasting
 - Level 5.0 Conjurations
 + Level 3.1 Hexes


You had 10 spell levels left.
You knew the following spells:

 Your Spells              Type           Power      Damage    Failure   Level
a - Magic Dart            Conj           100%       1d8       1%          1
b - Searing Ray           Conj           62%        2d6       1%          2

Your spell library contained the following spells:

 Spells                   Type           Power      Damage    Failure   Level
 Dazzling Flash           Conj/Hex       52%        N/A       4%          3
 Sandblast                Erth           12%        2d6       9%          1
 Stone Arrow              Conj/Erth      36%        3d9       9%          3
 Passwall                 Tmut/Erth      5%         N/A       12%         2
 Fulminant Prism          Conj/Hex       13%        3d9       16%         4
 Iskenderun's Mystic Bla  Conj/Tloc      18%        2d6       28%         4


Dungeon Overview and Level Annotations

Branches:
Dungeon (3/15)

Altars:


Message History

The river rat barely misses you.
Aiming: Magic Dart (safe; 1% risk of failure)
Press: ? - help, Q - select action, (/) - cycle Shift-Dir - straight line, f/p - river rat
Aim: a river rat (moderately wounded, 100% to hit)
The magic dart hits the river rat but does no damage.
The river rat is moderately wounded.
The river rat closely misses you.
Aiming: Magic Dart (safe; 1% risk of failure)
Press: ? - help, Q - select action, (/) - cycle Shift-Dir - straight line, f/p - river rat
Aim: a river rat (moderately wounded, 100% to hit)
The magic dart hits the river rat but does no damage.
The river rat is moderately wounded.
The river rat bites you!
You don't have enough magic to cast this spell.
You don't have enough magic to cast this spell.
You don't have enough magic to cast this spell.
You don't have enough magic to cast this spell.
You don't have enough magic to cast this spell.
You don't have enough magic to cast this spell.
You hit the river rat.
The river rat is moderately wounded.
The river rat bites you!
* * * LOW HITPOINT WARNING * * *
Your unstable footing causes you to fumble your attack.
The river rat bites you but does no damage.
You hit the river rat but do no damage.
The river rat is moderately wounded.
The river rat bites you.
* * * LOW HITPOINT WARNING * * *
The river rat closely misses you.
Aiming: Magic Dart (safe; 1% risk of failure)
Press: ? - help, Q - select action, (/) - cycle Shift-Dir - straight line, f/p - river rat
Aim: a river rat (moderately wounded, 100% to hit)
The magic dart hits the river rat.
The river rat is severely wounded.
The river rat barely misses you.
You closely miss the river rat.
The river rat is severely wounded.
The river rat bites you.
You die...

*,*,,,,,***~~~**S#~#..#.#..# ****
*,*,*,*,,,*~*~##~*~#....#..#
*,*,*,**,**~*~#~~*~###..#..#
*,*,*,**,**~*~#w##~#....#..# ****
*,*,*,*,,,*~*~#~~~~##......###.,,
*,*,*,**,,*~#r#~####..#........**
*,*,*,,,,**~#~~~r~~####.#.#####**
*,*,***,.#########~# #)#.#***,,,
*,*,,,,,..~~~~)~@rr####.#,.,**,*,
*,*,*,,,,.~~#~#~####....#*..,,,*,
*,***,*,#..~†~)~~~...####*,*,****
*,,,,,*,.......~...........,,,,,,
********...................*,****
,,,,,,,*.##................*,****
**,*,*,*,*#.####.###.......*,,,,*
*,*,,,*,*#.* #.# #.......****,,
**,*****,*#,* #.# #.......* ***


You could see 2 river rats.

Vanquished Creatures
  Crazy Yiuf (D:2)
  A gnoll (D:1)
  3 adders
  2 worms (D:3)
  A dart slug (D:1)
  3 orcs (D:3)
  A ball python (D:2)
  3 endoplasms
  2 giant cockroaches (D:1)
  3 goblins
  2 hobgoblins (D:2)
  3 kobolds
  2 quokkas (D:2)
  5 bats
  3 frilled lizards
  A rat (D:2)
36 creatures vanquished.

Notes
Turn   | Place    | Note
-------+----------+-------------------------------------------
     0 | D:1      | Cheops the Deep Elf Conjurer began the quest for the Orb.
     0 | D:1      | Reached XP level 1. HP: 10/10 MP: 6/6
   334 | D:1      | Reached skill level 5 in Conjurations
   334 | D:1      | Reached XP level 2. HP: 15/15 MP: 5/8
   411 | D:1      | Learned a level 2 spell: Searing Ray
  1028 | D:2      | Reached XP level 3. HP: 19/19 MP: 8/10
  1520 | D:2      | Found a runed translucent door.
  1521 | D:2      | Noticed Crazy Yiuf
  1528 | D:2      | Killed Crazy Yiuf
  1529 | D:2      | Reached skill level 5 in Spellcasting
  1529 | D:2      | Reached skill level 1 in Hexes
  1529 | D:2      | Reached XP level 4. HP: 16/24 MP: 2/13
  1844 | D:3      | Identified a scroll of acquirement
  2048 | D:3      | Slain by a river rat

Illustrated notes

Levels and vault maps discovered:
D:1:      dpeg_arrival_fog, layout_rooms, chequers_decorated_corner,
          minmay_pentomino_r4
D:2:      layout_loops_ring, uniq_crazy_yiuf_cottage
D:3:      layout_basic, nicolae_dithmenos_the_darkroom,
          lightli_sewer_entry_pipes

Skill      XL: |  1  2  3  4 |
---------------+-------------+-----
Conjurations   | 5 |  5.0
Spellcasting   | 4 5 |  5.0
Hexes          | 1 3 |  3.1
Dodging        | |  2.4
Stealth        | |  2.4

Action                     |  1- 3 |  4- 6 || total
---------------------------+-------+-------++-------
  Melee: Unarmed           |     1 |       ||     1
         Mace              |       |     4 ||     4
   Cast: Magic Dart        |    45 |    24 ||    69
         Searing Ray       |     1 |     2 ||     3
    Use: Scroll            |       |     6 ||     6
 Armour: Robe              |       |     1 ||     1
  Dodge: Dodged            |     5 |     6 ||    11
